Map: Ruins of Endion

Players

DownATree - Winner!

  • Race: Terran Terran
  • League: Master

Miszu

  • Race: Terran Terran
  • League: Master

VOD

Have the link to the VOD?

Description

Time

  • Played on: June 27, 2016, 11:26 a.m.
  • Length: 8:56
Show
View Real Time Build Order
Export as new Build Order

DownATree Terran - Winner!

Build Orders: 1/1/1, Widow Mine Drop 

Get SALT Encoding   

  12  0:01  SCV  
  13  0:13  SCV  
  14  0:18  Supply Depot  
  14  0:25  SCV  
  14  0:28  Refinery  
  15  0:39  SCV  
  16  0:45  Barracks  
  16  0:51  SCV  
  17  1:04  SCV  
  18  1:16  SCV  
  19  1:28  SCV  
  20  1:34  Factory, Marine  
  21  1:40  Orbital Command  
  21  1:47  Refinery  
  21  1:52  Supply Depot, Marine  
  22  2:06  SCV  
  23  2:13  Marine  
  24  2:18  Starport, Widow Mine  
  24  2:20  SCV  
  27  2:31  Marine  
  27  2:33  SCV  
  27  2:34  Supply Depot  
  29  2:45  SCV  
  29  2:47  Factory Tech Lab  
  29  2:49  Marine  
  31  2:55  Medivac  
  31  2:57  Supply Depot  
  34  2:58  SCV  
  34  3:07  Marine, Cyclone  
  39  3:18  SCV  
  39  3:19  Supply Depot  
  40  3:25  Starport Reactor  
  40  3:29  Marine  
  41  3:38  SCV  
  41  3:39  Siege Tank  
  45  3:53  SCV  
  45  3:55  Marine  
  31  4:05  SCV  
  20  4:13  Marine  
  21  4:17  SCV  
  22  4:30  SCV  
  23  4:33  Cloaking Field  
  23  4:44  SCV  
  24  4:51  Banshee  
  23  4:56  SCV  
  22  5:03  Factory Tech Lab  
  22  5:08  SCV  
  23  5:20  SCV  
  24  5:22  Marine  
  26  5:32  SCV  
  26  5:34  Banshee  
  29  5:44  SCV  
  30  5:56  Siege Tank  
  33  6:01  SCV  
  34  6:19  Banshee  
  34  6:20  SCV  
  38  6:29  Marine  
  38  6:31  Marine  
  38  6:40  SCV  
  37  7:02  Banshee  
  37  7:05  SCV  
  41  7:17  SCV  
  42  7:23  Marine  
  42  7:29  SCV  
  42  7:44  Siege Tank  
  45  7:57  Viking x2  
  48  8:01  SCV  
  49  8:06  Marine  
Show
View Real Time Build Order
Export as new Build Order

Miszu Terran 

Build Orders: 1/1/1 

Get SALT Encoding   

  12  0:00  SCV  
  13  0:13  SCV  
  14  0:18  Supply Depot  
  14  0:25  SCV  
  15  0:32  Refinery  
  15  0:39  SCV  
  16  0:46  Barracks  
  16  0:51  SCV  
  17  0:57  Refinery  
  17  1:03  SCV  
  18  1:15  SCV  
  19  1:29  SCV  
  20  1:34  Factory  
  20  1:37  Reaper  
  21  1:41  Orbital Command  
  21  1:49  Supply Depot  
  21  2:07  SCV  
  22  2:09  Reaper  
  23  2:18  Starport, Hellion  
  23  2:20  SCV  
  26  2:27  Supply Depot  
  26  2:39  Hellion  
  26  2:41  Reaper  
  29  2:55  Medivac  
  31  3:00  SCV  
  31  3:02  Hellion  
  34  3:06  Supply Depot  
  34  3:14  Barracks Reactor  
  34  3:28  Factory Tech Lab  
  34  3:29  Viking  
  36  3:34  Command Center  
  34  3:58  Marine x2  
  34  4:01  Siege Tank  
  23  4:12  Viking  
  23  4:16  Marine x2  
  27  4:23  SCV  
  25  4:34  Marine  
  25  4:35  SCV  
  23  4:47  SCV  
  24  4:59  SCV  
  25  5:01  Viking  
  27  5:09  Marine  
  27  5:12  SCV  
  27  5:14  Marine  
  29  5:21  Supply Depot  
  30  5:24  SCV  
  31  5:42  Viking, SCV  
  34  5:43  Medivac  
  37  5:53  Supply Depot  
  36  5:59  Siege Tank  
  39  6:08  SCV  
  39  6:13  Engineering Bay  
  35  6:21  SCV  
  34  6:33  SCV  
  37  6:42  Viking, Missile Turret  
  34  7:02  SCV  
  31  7:22  SCV  
  27  7:34  SCV  
  29  7:46  SCV  
  29  7:49  Siege Tank  
  32  8:10  SCV  
  33  8:23  SCV  
Tags
 
Add a new tag
Caveats
  • Supply blocks, unpowered buildings, or Contaminate may cause inaccurate times.
  • Supply counts are checked every 10 seconds.